 Dungeon Crawl Stone Soup version 0.24-a0-779-g36f0aeb843 (webtiles) character file.

Game seed: 914415563032032991, levelgen mode: deterministic

60 Golodhrim the Conjurer (level 3, -2/19 HPs)
             Began as a Deep Elf Conjurer on Oct 8, 2019.
             Slain by a gnoll (6 damage)
             ... on level 2 of the Dungeon.
             The game lasted 00:11:17 (1428 turns).

Golodhrim the Conjurer (Deep Elf Conjurer)          Turns: 1428, Time: 00:11:18

Health: -2/19      AC:  2    Str:  5    XL:     3   Next: 82%
Magic:  1/9        EV: 13    Int: 20    God:
Gold:   90         SH:  0    Dex: 15    Spells: 7/8 levels left

rFire    . . .     SeeInvis .   j - +0 hunting sling
rCold    . . .     Gourm    .   (no shield)
rNeg     . . .     Faith    .   a - +0 robe
rPois    .         Spirit   .   (no helmet)
rElec    .         Reflect  .   (no cloak)
rCorr    .         Harm     .   (no gloves)
MR       .....                  (no boots)
Stlth    ++........             (no amulet)
HPRegen  0.06/turn              (no ring)
MPRegen  0.11/turn              (no ring)

@: no status effects
A: no striking features
a: no special abilities


You were on level 2 of the Dungeon.
You were not hungry.

You visited 1 branch of the dungeon, and saw 2 of its levels.

You collected 90 gold pieces.

Inventory:

Hand Weapons
 j - a +0 hunting sling (weapon)
Missiles
 f - 39 stones (quivered)
Armour
 a - a +0 robe (worn)
Jewellery
 k - an uncursed ring of fire {unknown}
Scrolls
 b - a scroll of amnesia {unknown}
 e - a scroll of remove curse {unknown}
 h - a scroll of enchant armour {unknown}
 m - a scroll of enchant weapon {unknown}
 n - 2 scrolls of identify {unknown}
Potions
 d - a potion of magic {unknown}
 g - a potion of mutation {unknown}
 i - a potion of heal wounds {unknown}
 l - a potion of flight {unknown}
Comestibles
 c - 4 rations


   Skills:
 + Level 2.5 Dodging
 + Level 2.6 Stealth
 + Level 3.2 Spellcasting
 * Level 5.8 Conjurations


You had 7 spell levels left.
You knew the following spells:

 Your Spells              Type           Power        Failure   Level  Hunger
a - Magic Dart            Conj           ####         1%          1    None

Your spell library contained the following spells:

 Spells                   Type           Power        Failure   Level  Hunger
 Searing Ray              Conj           ####..       1%          2    ##.....
 Iskenderun's Mystic Bla  Conj           ####....     12%         4    ####...
 Dazzling Spray           Conj/Hex       ##....       13%         3    ###....
 Force Lance              Conj/Tloc      ##......     38%         4    ####...
 Fulminant Prism          Conj/Hex       ##........   38%         4    ####...


Dungeon Overview and Level Annotations

Branches:
Dungeon (2/15)

Altars:


Message History

Press: ? - help, Shift-Dir - straight line, f/p - gnoll
Aim: a gnoll (heavily wounded)
You shoot a stone. The stone barely misses the gnoll.
The stone hits the leopard gecko.
The leopard gecko is lightly wounded.
The gnoll closely misses you.
Firing (i - inventory)
f - 41 stones (quivered)
Press: ? - help, Shift-Dir - straight line, f/p - gnoll
Aim: a gnoll (heavily wounded)
You shoot a stone. The stone closely misses the gnoll.
The stone hits the leopard gecko.
The leopard gecko is heavily wounded.
The gnoll misses you.
Firing (i - inventory)
f - 40 stones (quivered)
Press: ? - help, Shift-Dir - straight line, f/p - gnoll
Aim: a gnoll (heavily wounded)
You shoot a stone. The stone hits the gnoll.
The gnoll is heavily wounded.
The gnoll hits you.
You die...

#. #.##....#.
##...##.#.†##.#.
.......<...##.#.
#####....#.##.#.
#...##.##..#
######.###.#####
##..........# # .
#####..###...#### #
....#####glg@.###...###
# .........g#####
#.#...# # ..#.##.####
#..###.## # ... #.#
#..# # ....g #. ##.## #
....... #. #..# #
..$.... .. ##.# #
....... #.##### #######
#......


You could see 2 gnolls, a leopard gecko and a goblin.

Vanquished Creatures
  An adder (D:2)
  2 gnolls (D:2)
  A leopard gecko (D:2)
  3 bats
  A giant cockroach (D:1)
  4 goblins (D:1)
  2 hobgoblins (D:2)
  12 kobolds (D:1)
  2 frilled lizards
  4 rats (D:1)
32 creatures vanquished.

Notes
Turn   | Place    | Note
-------+----------+-------------------------------------------
     0 | D:1      | Golodhrim the Deep Elf Conjurer began the quest for the
                  | Orb.
     0 | D:1      | Reached XP level 1. HP: 10/10 MP: 6/6
   165 | D:1      | Reached XP level 2. HP: 15/15 MP: 6/8
   182 | D:1      | Reached skill level 5 in Conjurations
  1173 | D:2      | Reached XP level 3. HP: 19/19 MP: 4/9
  1428 | D:2      | Slain by a gnoll

Levels and vault maps discovered:
D:1:      scummos_arrival_forest, layout_basic, serial_bayou,
          serial_bayou_ford_a, serial_bayou_pond_a, serial_bayou_pond_b,
          serial_bayou_lake_a, serial_bayou_pond_c, serial_bayou_lagoon_a
D:2:      layout_rooms, gammafunk_temple_overflow_elements, first_ration,
          uniq_crazy_yiuf_cottage

Skill      XL: |  1  2 |
---------------+-------+-----
Conjurations   | 5 |  5.8
Dodging        | |  2.5
Stealth        | |  2.6
Spellcasting   | |  3.2

Action                   || total
-------------------------++-------
 Fire: Hunting sling     ||     4
 Cast: Magic Dart        ||    54
  Eat: Ration            ||     1
Armor: Robe              ||     1
Dodge: Dodged            ||    10

Table legend:
 A = Non-vault XP
 B = Vault XP
 C = Vault XP percentage of total XP
 D = Non-vault monster count
 E = Vault monster count
 F = Vault count percentage of total count
                 A         B        C        D         E       F
            +---------+---------+-------+---------+---------+-------
      Total |      83 |       4 |   4.6 |      29 |       3 |   9.4
            +---------+---------+-------+---------+---------+-------
        D:1 |      34 |       4 |  10.5 |      21 |       3 |  12.5
        D:2 |      49 |       0 |   0.0 |       8 |       0 |   0.0
            +---------+---------+-------+---------+---------+-------
